[ AOE2 MATCH · #494638683 ]
UnrankedCumans vs Italians
[ REPLAY ANALYSIS · EXTRACTED FROM THE RECORDED GAME ]
Feudal
9:41
Castle
19:30
Imperial
30:29
| APM avg | 23.7 |
| APM peak | 62 |
| eAPM avg | 15.5 |
| Villagers / military | 187 / 897 |
Focus
⚔️ 41.5% · 🌾 58.5%
Scout Cavalry ×558 · Knight ×277 · Kipchak ×50 · Trade Cart ×19 · Trebuchet (Packed) ×10 · Monk ×2
Feudal
8:04
Castle
12:49
Imperial
33:11
| APM avg | 23.1 |
| APM peak | 52 |
| eAPM avg | 16.5 |
| Villagers / military | 121 / 1111 |
Focus
⚔️ 53.4% · 🌾 46.6%
Eagle Scout ×344 · Spearman ×293 · Archer ×284 · Skirmisher ×150 · Trade Cart ×39 · Battering Ram ×18
Feudal
7:49
Castle
11:50
Imperial
31:18
| APM avg | 43.6 |
| APM peak | 93 |
| eAPM avg | 22.9 |
| Villagers / military | 171 / 690 |
Focus
⚔️ 29.3% · 🌾 70.7%
Scout Cavalry ×350 · Skirmisher ×140 · Unknown (882) ×96 · Archer ×94 · Trade Cart ×41 · Mangonel ×32
Feudal
8:20
Castle
16:47
Imperial
32:46
| APM avg | 21.6 |
| APM peak | 59 |
| eAPM avg | 13.9 |
| Villagers / military | 152 / 485 |
Focus
⚔️ 39.3% · 🌾 60.7%
Skirmisher ×164 · Knight ×143 · Conquistador ×116 · Hand Cannoneer ×39 · Trade Cart ×24 · Trebuchet (Packed) ×15
Feudal
6:30
Castle
12:27
Imperial
27:24
| APM avg | 51.7 |
| APM peak | 111 |
| eAPM avg | 35.3 |
| Villagers / military | 173 / 967 |
Focus
⚔️ 41.9% · 🌾 58.1%
Spearman ×449 · Skirmisher ×314 · Hand Cannoneer ×63 · Unknown (882) ×46 · Monk ×43 · Scout Cavalry ×40
Feudal
8:39
Castle
12:21
Imperial
27:35
| APM avg | 22.5 |
| APM peak | 58 |
| eAPM avg | 16.4 |
| Villagers / military | 194 / 1002 |
Focus
⚔️ 45.9% · 🌾 54.1%
Spearman ×410 · Scout Cavalry ×275 · Boyar ×144 · Skirmisher ×129 · Trade Cart ×30 · Trebuchet (Packed) ×21
Match map
Initial resources + every placement click. Lines = walls · curves = elevation contours. ◆ gold · ⬟ stone · ● berries · ✦ relic · ◌ wall gap
Your base· ✓ Closed at 19:30 · 0t walls · 6 gate(s)
LRNI_Ghost-Jhon's base· ✓ Closed at 12:49 · 0t walls · 7 gate(s)
MZTK | GaboxNet .i.'s base· ✓ Closed at 11:50 · 0t walls · 5 gate(s)
LRNI_Cail's base· ✓ Closed at 16:47 · 0t walls · 5 gate(s)
MZTK | KAAN EEK's base· ✓ Closed at 12:27 · 0t walls · 7 gate(s)
MvpNoisy's base· ✓ Closed at 12:21 · 0t walls · 7 gate(s)
Smoothed initial terrain · ◌ = detected wall gap · hover for details
Inputs per minute
— LRNI_robotech - - LRNI_Ghost-Jhon
Build order — LRNI_robotech
First 150 of 640 actions detected
| 0:01 | Create | Villager (Male) |
| 0:01 | Create | Villager (Male) |
| 0:01 | Create | Villager (Male) |
| 0:02 | Create | Villager (Male) |
| 0:06 | Build | Lumber Camp |
| 0:29 | Build | Mill |
| 1:37 | Create | Villager (Male) |
| 1:38 | Create | Villager (Male) |
| 1:38 | Create | Villager (Male) |
| 1:52 | Create | Villager (Male) |
| 1:52 | Create | Villager (Male) |
| 2:06 | Create | Villager (Male) |
| 2:06 | Create | Villager (Male) |
| 2:07 | Create | Villager (Male) |
| 3:00 | Create | Villager (Male) |
| 3:00 | Create | Villager (Male) |
| 3:23 | Create | Villager (Male) |
| 4:02 | Build | Farm |
| 4:03 | Build | Farm |
| 4:07 | Build | Farm |
| 4:07 | Build | Farm |
| 4:09 | Create | Villager (Male) |
| 4:18 | Build | Farm |
| 4:19 | Create | Villager (Male) |
| 4:20 | Create | Villager (Male) |
| 4:31 | Create | Villager (Male) |
| 4:40 | Create | Villager (Male) |
| 4:41 | Create | Villager (Male) |
| 4:49 | Create | Villager (Male) |
| 4:49 | Create | Villager (Male) |
| 5:54 | Create | Villager (Male) |
| 6:47 | Build | Mining Camp |
| 7:12 | Research | Feudal Age |
| 9:13 | Create | Villager (Male) |
| 9:13 | Create | Villager (Male) |
| 9:41 | Age | Feudal Age |
| 9:46 | Build | Town Center |
| 9:46 | Create | Villager (Male) |
| 9:47 | Create | Villager (Male) |
| 9:51 | Research | Double-Bit Axe |
| 9:58 | Research | Horse Collar |
| 10:01 | Research | Gold Mining |
| 10:05 | Create | Villager (Male) |
| 10:05 | Create | Villager (Male) |
| 10:18 | Build | House |
| 10:20 | Build | House |
| 10:38 | Build | Lumber Camp |
| 10:52 | Create | Villager (Male) |
| 10:52 | Create | Villager (Male) |
| 11:17 | Build | House |
| 11:26 | Research | Wheelbarrow |
| 11:34 | Create | Villager (Male) |
| 11:36 | Build | Farm |
| 11:41 | Create | Villager (Male) |
| 11:50 | Build | Farm |
| 11:50 | Build | Farm |
| 11:56 | Build | House |
| 12:03 | Create | Villager (Male) |
| 12:24 | Create | Villager (Male) |
| 12:31 | Build | House |
| 12:40 | Create | Villager (Male) |
| 12:40 | Create | Villager (Male) |
| 12:40 | Create | Villager (Male) |
| 12:40 | Create | Villager (Male) |
| 12:41 | Create | Villager (Male) |
| 12:41 | Create | Villager (Male) |
| 12:46 | Build | Farm |
| 12:46 | Build | Farm |
| 12:59 | Build | House |
| 13:00 | Build | House |
| 13:02 | Create | Villager (Male) |
| 13:03 | Create | Villager (Male) |
| 13:16 | Build | Farm |
| 13:27 | Build | House |
| 13:31 | Build | Farm |
| 13:54 | Build | Farm |
| 14:04 | Build | House |
| 14:22 | Create | Villager (Male) |
| 14:24 | Create | Villager (Male) |
| 14:49 | Build | Stable |
| 14:51 | Create | Villager (Male) |
| 14:53 | Build | Farm |
| 15:01 | Build | House |
| 15:14 | Create | Villager (Male) |
| 15:18 | Build | Farm |
| 15:38 | Create | Villager (Male) |
| 15:39 | Create | Villager (Male) |
| 15:46 | Build | Blacksmith |
| 15:47 | Create | Villager (Male) |
| 15:49 | Build | House |
| 15:51 | Create | Villager (Male) |
| 16:02 | Create | Villager (Male) |
| 16:05 | Build | Farm |
| 16:06 | Build | Farm |
| 16:06 | Build | Farm |
| 16:06 | Build | Farm |
| 16:07 | Build | Farm |
| 16:20 | Build | Farm |
| 16:20 | Build | Farm |
| 16:25 | Build | Stable |
| 16:31 | Research | Castle Age |
| 16:35 | Research | Bloodlines |
| 16:39 | Build | House |
| 16:43 | Research | Scale Barding Armor |
| 16:43 | Research | Forging |
| 16:57 | Build | Stable |
| 17:02 | Build | Farm |
| 17:06 | Build | Farm |
| 17:12 | Create | Villager (Male) |
| 17:12 | Create | Villager (Male) |
| 17:13 | Create | Villager (Male) |
| 17:14 | Create | Villager (Male) |
| 17:15 | Create | Villager (Male) |
| 17:27 | Build | Stable |
| 17:29 | Create | Villager (Male) |
| 17:33 | Build | Farm |
| 17:34 | Build | Farm |
| 17:35 | Build | Farm |
| 17:36 | Build | Farm |
| 17:40 | Build | House |
| 17:49 | Build | Stable |
| 17:53 | Create | Villager (Male) |
| 17:53 | Create | Villager (Male) |
| 18:05 | Create | Villager (Male) |
| 18:05 | Create | Villager (Male) |
| 18:15 | Build | House |
| 18:17 | Create | Villager (Male) |
| 18:17 | Create | Villager (Male) |
| 18:24 | Build | Farm |
| 18:25 | Build | Farm |
| 18:37 | Create | Villager (Male) |
| 18:37 | Create | Villager (Male) |
| 18:52 | Build | House |
| 18:54 | Create | Villager (Male) |
| 18:59 | Build | House |
| 19:01 | Create | Villager (Male) |
| 19:05 | Create | Villager (Male) |
| 19:11 | Create | Villager (Male) |
| 19:23 | Build | Stable |
| 19:24 | Create | Villager (Male) |
| 19:29 | Build | Farm |
| 19:30 | Age | Castle Age |
| 19:30 | Build | Farm |
| 19:31 | Build | Farm |
| 19:31 | Build | Farm |
| 19:32 | Build | Farm |
| 19:34 | Create | Villager (Male) |
| 19:40 | Create | Knight ×5 |
| 19:41 | Create | Knight ×5 |
| 19:41 | Create | Knight ×3 |
Build order — LRNI_Ghost-Jhon
First 150 of 590 actions detected
| 0:04 | Create | Villager (Male) |
| 0:04 | Create | Villager (Male) |
| 0:04 | Create | Villager (Male) |
| 0:04 | Create | Villager (Male) |
| 0:10 | Build | Lumber Camp |
| 0:58 | Research | Loom |
| 1:13 | Create | Villager (Male) |
| 1:37 | Create | Villager (Male) |
| 1:37 | Create | Villager (Male) |
| 2:07 | Create | Villager (Male) |
| 2:07 | Create | Villager (Male) |
| 2:55 | Create | Villager (Male) |
| 3:07 | Build | Mill |
| 3:12 | Create | Villager (Male) |
| 3:23 | Create | Villager (Male) |
| 3:28 | Create | Villager (Male) |
| 4:09 | Create | Villager (Male) |
| 4:12 | Create | Villager (Male) |
| 4:45 | Build | Mining Camp |
| 5:00 | Create | Villager (Male) |
| 5:40 | Research | Feudal Age |
| 5:43 | Build | Lumber Camp |
| 6:03 | Create | Villager (Male) |
| 6:05 | Build | Farm |
| 6:09 | Build | Farm |
| 6:13 | Build | Farm |
| 6:14 | Create | Villager (Male) |
| 7:28 | Create | Villager (Male) |
| 8:04 | Age | Feudal Age |
| 8:09 | Build | Market |
| 8:14 | Build | Blacksmith |
| 8:57 | Build | Farm |
| 9:15 | Create | Villager (Male) |
| 9:33 | Create | Villager (Male) |
| 9:56 | Research | Castle Age |
| 9:56 | Research | Castle Age |
| 10:00 | Build | Mining Camp |
| 10:11 | Research | Double-Bit Axe |
| 10:24 | Research | Horse Collar |
| 10:46 | Research | Gold Mining |
| 10:46 | Research | Gold Mining |
| 10:56 | Build | Archery Range |
| 11:02 | Build | Archery Range |
| 11:28 | Research | Wheelbarrow |
| 11:30 | Research | Loom |
| 11:46 | Create | Villager (Male) |
| 11:52 | Create | Archer |
| 11:53 | Create | Archer |
| 12:22 | Research | Fletching |
| 12:49 | Age | Castle Age |
| 12:55 | Build | Town Center |
| 12:58 | Create | Villager (Male) |
| 13:40 | Research | Crossbowman (upgrade) |
| 13:53 | Build | Town Center |
| 14:00 | Create | Villager (Male) |
| 14:10 | Create | Archer ×3 |
| 14:26 | Build | Stone Wall |
| 14:29 | Build | Farm |
| 14:30 | Create | Villager (Male) |
| 14:50 | Build | Stone Wall |
| 14:55 | Create | Villager (Male) |
| 15:12 | Create | Archer ×5 |
| 15:55 | Build | House |
| 15:57 | Build | House |
| 15:58 | Build | House |
| 15:59 | Build | House |
| 16:01 | Create | Villager (Male) |
| 16:01 | Create | Villager (Male) |
| 16:03 | Create | Villager (Male) |
| 16:41 | Create | Archer ×5 |
| 16:55 | Create | Villager (Male) |
| 16:56 | Create | Villager (Male) |
| 17:00 | Create | Villager (Male) ×3 |
| 17:25 | Create | Villager (Male) |
| 17:25 | Create | Villager (Male) |
| 17:34 | Build | Farm |
| 17:34 | Build | Farm |
| 17:34 | Build | Farm |
| 17:35 | Build | Farm |
| 17:35 | Build | Farm |
| 17:41 | Create | Archer ×5 |
| 17:54 | Build | Stone Wall |
| 18:01 | Create | Plumed Archer |
| 18:01 | Create | Plumed Archer |
| 18:12 | Build | House |
| 18:12 | Build | House |
| 18:22 | Build | Farm |
| 18:23 | Create | Villager (Male) |
| 18:28 | Create | Villager (Male) ×3 |
| 18:43 | Build | Farm |
| 18:47 | Create | Villager (Male) |
| 18:52 | Build | House |
| 18:53 | Build | House |
| 18:57 | Create | Archer ×4 |
| 19:30 | Build | Gate |
| 20:01 | Create | Plumed Archer |
| 20:01 | Create | Plumed Archer |
| 20:11 | Create | Spearman |
| 20:11 | Create | Spearman |
| 20:12 | Create | Spearman |
| 20:12 | Create | Spearman |
| 20:24 | Create | Villager (Male) ×5 |
| 20:45 | Research | Pikeman (upgrade) |
| 20:46 | Create | Spearman |
| 20:55 | Create | Villager (Male) |
| 20:56 | Create | Villager (Male) |
| 21:08 | Create | Villager (Male) |
| 21:13 | Build | Farm |
| 21:13 | Build | Farm |
| 21:14 | Build | Farm |
| 21:14 | Build | Farm |
| 21:14 | Build | Farm |
| 21:43 | Create | Villager (Male) ×2 |
| 21:57 | Create | Villager (Male) |
| 22:06 | Build | Stone Wall |
| 22:14 | Build | Stone Wall |
| 22:23 | Build | House |
| 22:23 | Build | House |
| 22:25 | Build | House |
| 22:27 | Build | House |
| 22:27 | Build | House |
| 22:27 | Build | House |
| 22:28 | Build | House |
| 22:32 | Create | Villager (Male) ×3 |
| 22:35 | Create | Villager (Male) |
| 22:40 | Build | Farm |
| 22:48 | Create | Archer ×2 |
| 23:06 | Build | Mill |
| 23:13 | Build | Farm |
| 23:20 | Create | Villager (Male) ×5 |
| 23:28 | Build | Farm |
| 23:32 | Build | Farm |
| 23:38 | Create | Villager (Male) |
| 23:38 | Create | Villager (Male) |
| 23:40 | Create | Villager (Male) |
| 23:42 | Create | Villager (Male) |
| 23:42 | Create | Villager (Male) |
| 23:50 | Create | Villager (Male) |
| 24:15 | Build | Town Center |
| 24:23 | Build | Farm |
| 24:56 | Create | Villager (Male) ×5 |
| 24:57 | Create | Villager (Male) |
| 24:59 | Create | Villager (Male) |
| 25:02 | Research | Heavy Plow |
| 25:10 | Create | Archer ×3 |
| 25:20 | Build | House |
| 25:21 | Build | House |
| 25:22 | Build | House |
| 25:23 | Build | House |
| 25:40 | Research | Bow Saw |
Build order — MZTK | GaboxNet .i.
First 150 of 722 actions detected
| 0:05 | Create | Villager (Male) |
| 0:11 | Build | Mill |
| 0:16 | Create | Villager (Male) |
| 0:16 | Create | Villager (Male) |
| 1:18 | Create | Villager (Male) |
| 1:19 | Create | Villager (Male) |
| 1:19 | Create | Villager (Male) |
| 1:55 | Build | Lumber Camp |
| 1:58 | Create | Villager (Male) |
| 2:30 | Create | Villager (Male) |
| 2:31 | Create | Villager (Male) |
| 2:44 | Create | Villager (Male) |
| 3:27 | Create | Villager (Male) |
| 3:28 | Create | Villager (Male) |
| 4:02 | Create | Villager (Male) |
| 4:02 | Create | Villager (Male) |
| 4:43 | Create | Villager (Male) |
| 5:18 | Build | Mining Camp |
| 5:39 | Research | Feudal Age |
| 7:49 | Age | Feudal Age |
| 7:53 | Create | Villager (Male) |
| 7:54 | Create | Villager (Male) |
| 8:01 | Build | Market |
| 8:06 | Build | Blacksmith |
| 8:35 | Create | Villager (Male) |
| 9:10 | Research | Castle Age |
| 9:27 | Research | Double-Bit Axe |
| 10:47 | Build | Lumber Camp |
| 11:09 | Build | Stable |
| 11:45 | Research | Scale Barding Armor |
| 11:50 | Age | Castle Age |
| 11:54 | Create | Petard |
| 11:54 | Create | Petard |
| 11:56 | Create | Villager (Male) |
| 12:00 | Build | Stable |
| 12:03 | Research | Bloodlines |
| 12:09 | Create | Villager (Male) |
| 12:31 | Build | Farm |
| 12:33 | Create | Villager (Male) |
| 12:37 | Create | Knight |
| 12:45 | Build | Farm |
| 12:47 | Build | Farm |
| 12:48 | Build | Farm |
| 12:56 | Build | Farm |
| 12:58 | Create | Villager (Male) |
| 13:00 | Create | Knight |
| 13:18 | Build | Farm |
| 13:33 | Build | Farm |
| 13:33 | Build | Farm |
| 13:34 | Build | Farm |
| 13:38 | Create | Knight |
| 13:47 | Build | Farm |
| 13:50 | Create | Villager (Male) |
| 14:09 | Create | Villager (Male) |
| 14:14 | Create | Knight |
| 14:24 | Build | Farm |
| 14:52 | Create | Knight |
| 14:58 | Build | Farm |
| 15:00 | Create | Villager (Male) |
| 15:03 | Research | Loom |
| 15:18 | Build | Farm |
| 15:18 | Build | Farm |
| 15:19 | Build | Farm |
| 15:26 | Create | Villager (Male) |
| 15:31 | Research | Husbandry |
| 15:41 | Build | Farm |
| 15:58 | Create | Knight |
| 16:00 | Create | Villager (Male) |
| 16:34 | Create | Knight |
| 16:36 | Create | Petard |
| 16:46 | Create | Petard |
| 16:59 | Create | Villager (Male) |
| 16:59 | Create | Villager (Male) |
| 17:06 | Build | Town Center |
| 17:20 | Create | Knight |
| 17:28 | Create | Villager (Male) |
| 17:29 | Create | Villager (Male) |
| 18:10 | Research | Chain Barding Armor |
| 18:17 | Create | Villager (Male) |
| 18:17 | Create | Villager (Male) |
| 18:45 | Create | Knight |
| 18:50 | Create | Villager (Male) |
| 18:50 | Create | Villager (Male) |
| 18:50 | Create | Villager (Male) |
| 19:17 | Create | Knight |
| 19:18 | Create | Knight |
| 19:20 | Create | Villager (Male) |
| 19:20 | Create | Villager (Male) |
| 19:53 | Create | Knight |
| 19:56 | Research | Bow Saw |
| 20:22 | Create | Knight |
| 20:24 | Create | Villager (Male) |
| 20:24 | Create | Villager (Male) |
| 20:42 | Create | Knight |
| 20:42 | Create | Knight |
| 20:45 | Create | Villager (Male) |
| 21:29 | Create | Petard |
| 21:30 | Create | Petard |
| 21:30 | Create | Petard |
| 21:36 | Create | Villager (Male) |
| 21:36 | Create | Villager (Male) |
| 21:36 | Create | Villager (Male) |
| 21:43 | Build | Town Center |
| 21:50 | Build | Town Center |
| 22:06 | Research | Wheelbarrow |
| 22:22 | Create | Villager (Male) |
| 22:30 | Create | Villager (Male) |
| 22:41 | Build | Gate |
| 23:05 | Research | Horse Collar |
| 23:06 | Create | Villager (Male) |
| 23:07 | Create | Villager (Male) |
| 23:07 | Create | Villager (Male) |
| 23:07 | Create | Villager (Male) |
| 23:12 | Create | Villager (Male) |
| 23:27 | Create | Villager (Male) |
| 23:27 | Create | Villager (Male) |
| 23:35 | Create | Villager (Male) |
| 23:55 | Build | Farm |
| 23:55 | Build | Farm |
| 23:56 | Build | Farm |
| 23:56 | Build | Farm |
| 23:56 | Build | Farm |
| 23:56 | Build | Farm |
| 23:56 | Build | Farm |
| 24:01 | Create | Villager (Male) |
| 24:02 | Create | Villager (Male) |
| 24:02 | Create | Villager (Male) |
| 24:08 | Create | Villager (Male) |
| 24:18 | Build | House |
| 24:18 | Build | House |
| 24:20 | Build | House |
| 24:21 | Build | House |
| 24:28 | Create | Villager (Male) |
| 24:35 | Build | House |
| 24:36 | Build | House |
| 24:37 | Build | House |
| 24:49 | Create | Villager (Male) |
| 24:49 | Create | Villager (Male) |
| 24:50 | Create | Villager (Male) |
| 24:50 | Create | Villager (Male) |
| 24:55 | Build | Outpost |
| 25:06 | Create | Villager (Male) |
| 25:07 | Create | Villager (Male) |
| 25:08 | Create | Villager (Male) |
| 25:12 | Build | Farm |
| 25:13 | Build | Farm |
| 25:13 | Build | Farm |
| 25:13 | Build | Farm |
| 25:13 | Build | Farm |
| 25:14 | Build | Farm |
Build order — LRNI_Cail
First 150 of 413 actions detected
| 0:09 | Build | Lumber Camp |
| 0:24 | Create | Villager (Male) ×4 |
| 0:25 | Create | Villager (Male) ×4 |
| 2:10 | Create | Villager (Male) |
| 2:10 | Create | Villager (Male) |
| 2:35 | Create | Villager (Male) |
| 2:36 | Create | Villager (Male) |
| 2:36 | Create | Villager (Male) |
| 3:58 | Create | Villager (Male) |
| 3:59 | Create | Villager (Male) |
| 3:59 | Create | Villager (Male) |
| 3:59 | Create | Villager (Male) |
| 3:59 | Create | Villager (Male) |
| 4:28 | Build | Mill |
| 5:57 | Build | Lumber Camp |
| 6:10 | Research | Feudal Age |
| 6:36 | Build | Farm |
| 6:40 | Build | Farm |
| 7:21 | Create | Villager (Male) ×4 |
| 7:29 | Build | Mining Camp |
| 8:20 | Age | Feudal Age |
| 8:48 | Build | Farm |
| 9:14 | Build | Farm |
| 9:37 | Build | Farm |
| 10:05 | Build | Farm |
| 10:16 | Create | Villager (Male) |
| 10:17 | Create | Villager (Male) |
| 10:46 | Build | Farm |
| 10:53 | Build | House |
| 10:56 | Create | Villager (Male) |
| 11:09 | Build | Farm |
| 11:34 | Build | Farm |
| 11:40 | Create | Villager (Male) |
| 11:40 | Create | Villager (Male) |
| 11:57 | Build | Market |
| 12:13 | Build | Blacksmith |
| 12:17 | Build | House |
| 12:20 | Build | Farm |
| 12:23 | Create | Villager (Male) |
| 12:33 | Build | Farm |
| 12:42 | Build | House |
| 13:03 | Build | Farm |
| 13:03 | Build | Farm |
| 13:17 | Create | Villager (Male) |
| 13:17 | Create | Villager (Male) |
| 13:31 | Build | House |
| 13:32 | Build | House |
| 14:03 | Build | Farm |
| 14:04 | Research | Castle Age |
| 14:19 | Build | Farm |
| 14:56 | Build | House |
| 15:01 | Research | Double-Bit Axe |
| 15:11 | Research | Horse Collar |
| 15:44 | Create | Trade Cart |
| 15:44 | Create | Trade Cart |
| 15:49 | Build | House |
| 16:06 | Build | Farm |
| 16:22 | Build | House |
| 16:47 | Age | Castle Age |
| 16:52 | Create | Conquistador ×5 |
| 16:53 | Create | Conquistador ×5 |
| 16:53 | Create | Conquistador ×3 |
| 16:59 | Build | Mining Camp |
| 17:02 | Create | Villager (Male) ×5 |
| 17:41 | Research | Fletching |
| 17:42 | Research | Padded Archer Armor |
| 17:44 | Research | Scale Barding Armor |
| 18:22 | Build | Town Center |
| 19:11 | Create | Villager (Male) |
| 19:11 | Create | Villager (Male) |
| 19:29 | Research | Heavy Plow |
| 19:34 | Create | Villager (Male) |
| 19:47 | Build | Farm |
| 20:14 | Build | Farm |
| 20:17 | Create | Villager (Male) ×5 |
| 20:19 | Research | Wheelbarrow |
| 21:02 | Build | Farm |
| 21:25 | Create | Villager (Male) |
| 21:25 | Create | Villager (Male) |
| 21:30 | Research | Gold Mining |
| 21:32 | Create | Conquistador |
| 21:46 | Create | Petard |
| 21:46 | Create | Petard |
| 22:12 | Build | Farm |
| 22:14 | Create | Villager (Male) |
| 22:19 | Research | Stone Mining |
| 22:25 | Build | Town Center |
| 22:29 | Create | Villager (Male) |
| 22:30 | Create | Villager (Male) |
| 22:30 | Create | Villager (Male) |
| 22:39 | Build | Mining Camp |
| 22:44 | Build | Farm |
| 23:03 | Build | Farm |
| 23:07 | Create | Conquistador ×2 |
| 23:10 | Create | Petard |
| 23:12 | Create | Conquistador ×2 |
| 23:24 | Create | Villager (Male) ×2 |
| 23:29 | Build | Farm |
| 23:30 | Build | Farm |
| 23:31 | Build | Farm |
| 23:32 | Build | Farm |
| 23:33 | Build | Farm |
| 23:36 | Create | Villager (Male) |
| 23:44 | Create | Villager (Male) |
| 23:50 | Build | Farm |
| 23:51 | Build | Farm |
| 24:10 | Build | Farm |
| 24:12 | Create | Villager (Male) |
| 24:14 | Create | Villager (Male) |
| 25:58 | Build | Farm |
| 26:00 | Create | Conquistador ×5 |
| 26:00 | Create | Conquistador ×5 |
| 26:01 | Create | Conquistador ×5 |
| 26:01 | Create | Conquistador ×5 |
| 27:06 | Create | Villager (Male) ×5 |
| 27:29 | Create | Conquistador |
| 27:29 | Create | Conquistador |
| 27:44 | Build | Farm |
| 27:45 | Research | Bow Saw |
| 27:50 | Create | Villager (Male) ×5 |
| 27:54 | Create | Villager (Male) ×5 |
| 27:56 | Create | Villager (Male) ×4 |
| 27:56 | Create | Villager (Male) ×4 |
| 28:21 | Build | Castle |
| 28:24 | Create | Villager (Male) |
| 28:24 | Create | Villager (Male) |
| 28:57 | Create | Villager (Male) |
| 29:21 | Research | Imperial Age |
| 29:36 | Build | Mining Camp |
| 29:44 | Create | Petard ×5 |
| 30:09 | Research | Stone Shaft Mining |
| 30:12 | Create | Villager (Male) ×5 |
| 30:34 | Create | Trade Cart |
| 30:34 | Create | Trade Cart |
| 30:37 | Research | Caravan |
| 32:46 | Age | Imperial Age |
| 33:02 | Create | Villager (Male) |
| 33:14 | Build | Stable |
| 33:15 | Build | Stable |
| 33:17 | Build | Stable |
| 33:18 | Build | Stable |
| 33:19 | Build | Stable |
| 33:21 | Build | Stable |
| 34:50 | Research | Chain Barding Armor |
| 34:50 | Research | Forging |
| 35:06 | Research | Tech 60 |
| 35:16 | Research | Husbandry |
| 35:16 | Research | Cavalier (upgrade) |
| 35:36 | Build | Blacksmith |
| 35:44 | Research | Hand Cart |
Build order — MZTK | KAAN EEK
First 150 of 1078 actions detected
| 0:01 | Create | Villager (Male) |
| 0:02 | Create | Villager (Male) |
| 0:02 | Create | Villager (Male) |
| 0:13 | Build | Mill |
| 0:17 | Create | Villager (Male) |
| 0:58 | Build | Lumber Camp |
| 2:41 | Create | Villager (Male) |
| 2:42 | Create | Villager (Male) |
| 3:21 | Create | Villager (Male) |
| 4:10 | Create | Villager (Male) |
| 4:20 | Research | Feudal Age |
| 4:59 | Research | Loom |
| 5:01 | Create | Villager (Male) |
| 5:01 | Create | Villager (Male) |
| 5:33 | Build | Mining Camp |
| 6:30 | Age | Feudal Age |
| 6:33 | Create | Villager (Male) |
| 6:55 | Build | Blacksmith |
| 7:04 | Create | Villager (Male) |
| 7:15 | Build | Market |
| 7:18 | Create | Villager (Male) |
| 7:19 | Create | Villager (Male) |
| 7:38 | Build | House |
| 8:07 | Create | Villager (Male) |
| 8:23 | Build | Farm |
| 8:47 | Build | Farm |
| 9:25 | Build | Farm |
| 9:47 | Research | Castle Age |
| 9:49 | Research | Loom |
| 10:18 | Research | Double-Bit Axe |
| 10:37 | Build | Lumber Camp |
| 10:59 | Build | Lumber Camp |
| 11:47 | Research | Horse Collar |
| 12:27 | Age | Castle Age |
| 12:30 | Create | Villager (Male) |
| 12:31 | Create | Villager (Male) |
| 12:31 | Create | Villager (Male) |
| 12:31 | Create | Villager (Male) |
| 13:06 | Build | Town Center |
| 13:30 | Build | Town Center |
| 13:35 | Create | Villager (Male) |
| 13:35 | Create | Villager (Male) |
| 13:44 | Build | Farm |
| 13:49 | Create | Villager (Male) |
| 14:46 | Create | Villager (Male) |
| 14:46 | Create | Villager (Male) |
| 14:51 | Create | Villager (Male) |
| 14:51 | Create | Villager (Male) |
| 14:51 | Create | Villager (Male) |
| 14:52 | Create | Villager (Male) |
| 14:52 | Create | Villager (Male) |
| 14:52 | Create | Villager (Male) |
| 15:00 | Build | Farm |
| 15:07 | Create | Villager (Male) |
| 15:07 | Create | Villager (Male) |
| 15:08 | Create | Villager (Male) |
| 15:29 | Build | Monastery |
| 15:33 | Create | Villager (Male) |
| 15:33 | Create | Villager (Male) |
| 15:39 | Build | Farm |
| 15:41 | Create | Villager (Male) |
| 16:14 | Create | Villager (Male) |
| 16:14 | Create | Villager (Male) |
| 16:15 | Create | Villager (Male) |
| 16:24 | Build | House |
| 16:25 | Build | House |
| 16:28 | Build | House |
| 16:28 | Build | House |
| 16:35 | Build | Stable |
| 16:38 | Create | Villager (Male) |
| 16:38 | Create | Villager (Male) |
| 16:41 | Build | Farm |
| 16:50 | Build | Farm |
| 16:53 | Create | Villager (Male) |
| 16:53 | Create | Villager (Male) |
| 16:57 | Build | Farm |
| 17:13 | Build | Farm |
| 17:18 | Create | Villager (Male) |
| 17:18 | Create | Villager (Male) |
| 17:18 | Create | Villager (Male) |
| 17:33 | Research | Wheelbarrow |
| 17:33 | Create | Villager (Male) |
| 17:34 | Create | Villager (Male) |
| 17:41 | Build | Farm |
| 17:41 | Build | Farm |
| 17:42 | Build | Farm |
| 17:44 | Build | Farm |
| 17:49 | Build | Farm |
| 17:54 | Build | Farm |
| 17:57 | Create | Villager (Male) |
| 17:58 | Create | Villager (Male) |
| 17:58 | Create | Villager (Male) |
| 18:17 | Build | University |
| 18:19 | Build | House |
| 18:20 | Build | House |
| 18:21 | Build | House |
| 18:36 | Create | Monk |
| 18:36 | Create | Monk |
| 18:39 | Create | Scout Cavalry |
| 18:39 | Create | Scout Cavalry |
| 18:39 | Create | Villager (Male) |
| 18:47 | Create | Villager (Male) |
| 18:47 | Create | Villager (Male) |
| 18:51 | Build | Farm |
| 18:55 | Build | Farm |
| 19:01 | Build | Farm |
| 19:05 | Build | Farm |
| 19:05 | Build | Farm |
| 19:05 | Build | Farm |
| 19:08 | Build | Farm |
| 19:10 | Create | Villager (Male) |
| 19:10 | Create | Villager (Male) |
| 19:10 | Create | Villager (Male) |
| 19:12 | Create | Villager (Male) |
| 19:21 | Build | House |
| 19:22 | Build | House |
| 19:23 | Build | House |
| 19:25 | Create | Villager (Male) |
| 19:32 | Build | House |
| 19:33 | Build | House |
| 20:13 | Build | House |
| 20:13 | Build | House |
| 20:13 | Build | House |
| 20:14 | Create | Villager (Male) |
| 20:14 | Create | Villager (Male) |
| 20:15 | Create | Villager (Male) |
| 20:16 | Create | Villager (Male) |
| 20:16 | Create | Villager (Male) |
| 21:04 | Build | House |
| 21:05 | Build | House |
| 21:06 | Create | Villager (Male) |
| 21:06 | Create | Villager (Male) |
| 21:08 | Build | Farm |
| 21:09 | Create | Villager (Male) |
| 21:10 | Create | Villager (Male) |
| 21:14 | Build | Mill |
| 21:15 | Build | Farm |
| 21:15 | Build | Farm |
| 21:29 | Build | House |
| 21:31 | Build | House |
| 21:31 | Build | House |
| 21:34 | Create | Villager (Male) |
| 21:34 | Create | Villager (Male) |
| 21:42 | Build | Farm |
| 21:42 | Build | Farm |
| 22:24 | Build | Stone Wall |
| 22:26 | Create | Villager (Male) |
| 22:26 | Create | Villager (Male) |
| 22:31 | Build | House |
| 22:37 | Create | Villager (Male) |
Build order — MvpNoisy
First 150 of 614 actions detected
| 0:05 | Create | Villager (Male) |
| 0:05 | Create | Villager (Male) |
| 0:07 | Build | Mill |
| 0:23 | Create | Villager (Male) |
| 0:24 | Create | Villager (Male) |
| 0:24 | Create | Villager (Male) |
| 0:34 | Build | Lumber Camp |
| 0:41 | Create | Villager (Male) |
| 1:47 | Create | Villager (Male) |
| 2:18 | Create | Villager (Male) |
| 3:09 | Create | Villager (Male) |
| 3:10 | Create | Villager (Male) |
| 3:10 | Create | Villager (Male) |
| 3:10 | Create | Villager (Male) |
| 3:46 | Create | Villager (Male) |
| 3:47 | Create | Villager (Male) |
| 4:03 | Build | Mining Camp |
| 5:27 | Create | Villager (Male) |
| 5:41 | Create | Villager (Male) |
| 5:56 | Build | Farm |
| 5:57 | Build | Farm |
| 6:03 | Research | Feudal Age |
| 8:15 | Create | Villager (Male) |
| 8:15 | Create | Villager (Male) |
| 8:39 | Age | Feudal Age |
| 8:41 | Build | Blacksmith |
| 8:42 | Build | Market |
| 9:19 | Research | Double-Bit Axe |
| 9:41 | Research | Castle Age |
| 10:04 | Research | Double-Bit Axe |
| 10:26 | Research | Horse Collar |
| 11:08 | Build | House |
| 11:12 | Build | House |
| 11:13 | Build | House |
| 11:14 | Build | House |
| 11:15 | Build | House |
| 11:15 | Build | House |
| 11:17 | Build | House |
| 11:21 | Build | House |
| 11:22 | Build | House |
| 11:23 | Build | House |
| 11:29 | Build | Palisade Gate |
| 11:29 | Build | Palisade Gate |
| 11:39 | Build | House |
| 11:40 | Build | House |
| 11:45 | Create | Villager (Male) |
| 11:45 | Create | Villager (Male) |
| 12:21 | Age | Castle Age |
| 12:24 | Build | Town Center |
| 12:30 | Build | Town Center |
| 12:38 | Build | Monastery |
| 12:44 | Research | Bow Saw |
| 13:17 | Build | Farm |
| 13:26 | Create | Monk |
| 13:38 | Build | Farm |
| 13:50 | Create | Villager (Male) |
| 13:50 | Create | Villager (Male) |
| 13:54 | Create | Villager (Male) |
| 13:54 | Create | Villager (Male) |
| 13:56 | Create | Villager (Male) |
| 14:03 | Build | Farm |
| 14:04 | Build | Farm |
| 14:08 | Create | Villager (Male) |
| 14:21 | Build | Farm |
| 14:24 | Build | Farm |
| 14:40 | Create | Villager (Male) |
| 14:46 | Build | Farm |
| 14:46 | Build | Farm |
| 14:46 | Build | Farm |
| 14:54 | Build | Farm |
| 14:59 | Build | Farm |
| 15:01 | Create | Villager (Male) |
| 15:05 | Create | Villager (Male) |
| 15:10 | Build | Farm |
| 15:15 | Build | Farm |
| 15:17 | Create | Villager (Male) |
| 15:22 | Build | Farm |
| 15:33 | Build | Farm |
| 15:34 | Build | Farm |
| 15:36 | Create | Villager (Male) |
| 15:42 | Create | Villager (Male) |
| 15:42 | Create | Villager (Male) |
| 15:55 | Build | Farm |
| 15:55 | Build | Farm |
| 15:58 | Create | Villager (Male) |
| 16:06 | Create | Villager (Male) |
| 16:11 | Create | Villager (Male) |
| 16:16 | Build | Farm |
| 16:16 | Build | Farm |
| 16:18 | Build | Farm |
| 16:31 | Create | Villager (Male) ×2 |
| 16:37 | Build | House |
| 16:38 | Build | House |
| 16:39 | Build | House |
| 16:40 | Build | House |
| 16:42 | Build | House |
| 17:00 | Build | House |
| 17:02 | Build | House |
| 17:03 | Build | House |
| 17:07 | Build | Palisade Wall |
| 17:07 | Build | Palisade Wall |
| 17:16 | Create | Villager (Male) ×5 |
| 17:22 | Research | Wheelbarrow |
| 17:26 | Create | Villager (Male) ×2 |
| 17:48 | Create | Villager (Male) ×3 |
| 18:08 | Build | Town Center |
| 18:22 | Create | Villager (Male) |
| 18:47 | Create | Villager (Male) ×4 |
| 19:02 | Build | Farm |
| 19:02 | Build | Farm |
| 19:04 | Build | Farm |
| 19:11 | Create | Villager (Male) ×5 |
| 19:33 | Build | Gate |
| 19:38 | Build | House |
| 19:38 | Build | House |
| 19:43 | Create | Villager (Male) ×5 |
| 19:58 | Build | Town Center |
| 20:04 | Create | Villager (Male) ×5 |
| 20:11 | Build | Farm |
| 20:11 | Build | Farm |
| 20:11 | Build | Farm |
| 20:12 | Build | Farm |
| 20:13 | Build | Farm |
| 20:13 | Build | Farm |
| 20:13 | Build | Farm |
| 20:14 | Build | Farm |
| 20:14 | Build | Farm |
| 20:14 | Build | Farm |
| 20:17 | Build | Farm |
| 20:58 | Build | Siege Workshop |
| 21:21 | Research | Hand Cart |
| 21:21 | Create | Villager (Male) ×5 |
| 21:36 | Create | Villager (Male) ×5 |
| 21:48 | Create | Villager (Male) ×5 |
| 22:00 | Create | Mangonel |
| 22:09 | Build | Stone Wall |
| 22:22 | Build | Gate |
| 22:23 | Build | House |
| 22:28 | Build | Mill |
| 22:29 | Build | Farm |
| 22:30 | Build | Farm |
| 22:30 | Build | Farm |
| 22:30 | Build | Farm |
| 22:30 | Build | Farm |
| 22:31 | Build | Farm |
| 22:31 | Build | Farm |
| 22:31 | Build | Farm |
| 22:32 | Build | Farm |
| 22:33 | Create | Villager (Male) ×5 |
| 22:35 | Research | Loom |
Match timeline
| 6:30 | MZTK | KAAN EEK · age_up feudal |
| 7:49 | MZTK | GaboxNet .i. · age_up feudal |
| 8:04 | LRNI_Ghost-Jhon · age_up feudal |
| 8:20 | LRNI_Cail · age_up feudal |
| 8:39 | MZTK | KAAN EEK · first_market_sell 100 wood |
| 8:39 | MvpNoisy · age_up feudal |
| 9:37 | MvpNoisy · first_market_buy 100 food |
| 9:39 | MvpNoisy · first_market_sell 100 wood |
| 9:41 | LRNI_robotech · age_up feudal |
| 10:56 | LRNI_Ghost-Jhon · first_building Archery Range |
| 11:09 | MZTK | GaboxNet .i. · first_building Stable |
| 11:50 | MZTK | GaboxNet .i. · age_up castle |
| 12:21 | MvpNoisy · age_up castle |
| 12:27 | MZTK | KAAN EEK · age_up castle |
| 12:38 | MvpNoisy · first_building Monastery |
| 12:49 | LRNI_Ghost-Jhon · age_up castle |
| 13:17 | MZTK | KAAN EEK · first_market_buy 100 wood |
| 14:26 | LRNI_Ghost-Jhon · wall_segment Stone Wall x8 |
| 14:49 | LRNI_robotech · first_building Stable |
| 14:50 | LRNI_Ghost-Jhon · wall_segment Stone Wall x9 |
| 15:29 | MZTK | KAAN EEK · first_building Monastery |
| 16:35 | MZTK | KAAN EEK · first_building Stable |
| 16:47 | LRNI_Cail · age_up castle |
| 17:07 | MvpNoisy · wall_segment Palisade Wall x1 |
| 17:07 | MvpNoisy · wall_segment Palisade Wall x1 |
| 17:54 | LRNI_Ghost-Jhon · wall_segment Stone Wall x3 |
| 19:30 | LRNI_robotech · age_up castle |
| 20:58 | MvpNoisy · first_building Siege Workshop |
| 22:06 | LRNI_Ghost-Jhon · wall_segment Stone Wall x3 |
| 22:09 | MvpNoisy · wall_segment Stone Wall x10 |
| 22:14 | LRNI_Ghost-Jhon · wall_segment Stone Wall x1 |
| 22:24 | MZTK | KAAN EEK · wall_segment Stone Wall x7 |
| 22:52 | MZTK | GaboxNet .i. · first_market_buy 100 food |
| 23:26 | LRNI_robotech · first_building Monastery |
| 23:49 | MZTK | KAAN EEK · wall_segment Stone Wall x12 |
| 23:50 | MvpNoisy · wall_segment Stone Wall x11 |
| 24:31 | MZTK | KAAN EEK · first_building Siege Workshop |
| 25:15 | MZTK | KAAN EEK · wall_segment Stone Wall x8 |
| 25:18 | MvpNoisy · first_building Castle |
| 26:11 | MvpNoisy · wall_segment Stone Wall x6 |
| 26:13 | MvpNoisy · wall_segment Stone Wall x6 |
| 26:21 | LRNI_Ghost-Jhon · wall_segment Stone Wall x1 |
| 26:26 | MZTK | KAAN EEK · wall_segment Stone Wall x10 |
| 26:50 | MvpNoisy · first_building Archery Range |
| 27:22 | LRNI_Cail · first_market_buy 500 stone |
| 27:24 | MZTK | KAAN EEK · age_up imperial |
| 27:25 | MZTK | KAAN EEK · wall_segment Stone Wall x29 |
| 27:35 | MvpNoisy · age_up imperial |
| 27:58 | MZTK | KAAN EEK · wall_segment Stone Wall x12 |
| 28:21 | LRNI_Cail · first_building Castle |
| 28:34 | MZTK | KAAN EEK · first_building Barracks |
| 28:44 | MZTK | KAAN EEK · wall_segment Stone Wall x3 |
| 28:46 | MZTK | KAAN EEK · wall_segment Stone Wall x5 |
| 29:05 | LRNI_Cail · first_market_sell 500 wood |
| 29:20 | MZTK | KAAN EEK · first_building Archery Range |
| 29:23 | LRNI_Ghost-Jhon · first_building Castle |
| 29:55 | LRNI_Ghost-Jhon · first_building Barracks |
| 30:01 | LRNI_robotech · first_building Castle |
| 30:25 | MvpNoisy · first_building Stable |
| 30:29 | LRNI_robotech · age_up imperial |
| 30:41 | LRNI_robotech · first_market_sell 100 food |
| 31:07 | MZTK | KAAN EEK · wall_segment Stone Wall x3 |
| 31:15 | MvpNoisy · wall_segment Stone Wall x1 |
| 31:18 | MZTK | GaboxNet .i. · age_up imperial |
| 32:11 | MZTK | GaboxNet .i. · first_building Barracks |
| 32:42 | MZTK | KAAN EEK · first_building Castle |
| 32:46 | LRNI_Cail · age_up imperial |
| 33:11 | LRNI_Ghost-Jhon · age_up imperial |
| 33:14 | LRNI_Cail · first_building Stable |
| 33:24 | LRNI_Ghost-Jhon · first_market_sell 100 wood |
| 35:06 | MZTK | GaboxNet .i. · first_building Siege Workshop |
| 35:11 | MZTK | KAAN EEK · wall_segment Stone Wall x15 |
| 36:10 | MvpNoisy · first_building Barracks |
| 36:28 | MZTK | KAAN EEK · tribute_sent a jugador 1 |
| 36:28 | MZTK | KAAN EEK · tribute_sent a jugador 2 |
| 36:28 | MZTK | KAAN EEK · tribute_sent a jugador 3 |
| 36:28 | MZTK | KAAN EEK · tribute_sent a jugador 5 |
| 36:28 | MZTK | KAAN EEK · tribute_sent a jugador 6 |
| 36:47 | LRNI_Ghost-Jhon · first_building Siege Workshop |
| 41:09 | MZTK | GaboxNet .i. · first_building Castle |
| 42:00 | MZTK | KAAN EEK · wall_segment Stone Wall x1 |
| 42:11 | MZTK | KAAN EEK · wall_segment Stone Wall x1 |
| 42:16 | MZTK | KAAN EEK · wall_segment Stone Wall x3 |
| 45:22 | MZTK | GaboxNet .i. · first_building Archery Range |
| 45:36 | MZTK | KAAN EEK · tribute_sent a jugador 1 |
| 45:36 | MZTK | KAAN EEK · tribute_sent a jugador 2 |
| 45:36 | MZTK | KAAN EEK · tribute_sent a jugador 3 |
| 45:36 | MZTK | KAAN EEK · tribute_sent a jugador 5 |
| 45:36 | MZTK | KAAN EEK · tribute_sent a jugador 6 |
| 47:02 | MZTK | KAAN EEK · tribute_sent a jugador 1 |
| 47:02 | MZTK | KAAN EEK · tribute_sent a jugador 2 |
| 47:02 | MZTK | KAAN EEK · tribute_sent a jugador 3 |
| 47:02 | MZTK | KAAN EEK · tribute_sent a jugador 5 |
| 47:02 | MZTK | KAAN EEK · tribute_sent a jugador 6 |
| 48:46 | LRNI_Cail · first_building Archery Range |
| 49:14 | MZTK | GaboxNet .i. · wall_segment Stone Wall x9 |
| 49:28 | MZTK | GaboxNet .i. · first_market_sell 500 food |
| 50:29 | MZTK | KAAN EEK · tribute_sent a jugador 1 |
| 50:29 | MZTK | KAAN EEK · tribute_sent a jugador 2 |
| 50:29 | MZTK | KAAN EEK · tribute_sent a jugador 3 |
| 50:29 | MZTK | KAAN EEK · tribute_sent a jugador 5 |
| 50:29 | MZTK | KAAN EEK · tribute_sent a jugador 6 |
| 52:32 | MvpNoisy · wall_segment Stone Wall x22 |
| 57:41 | LRNI_Ghost-Jhon · wall_segment Stone Wall x5 |
| 63:50 | MvpNoisy · wall_segment Stone Wall x1 |
| 65:42 | MZTK | KAAN EEK · wall_segment Stone Wall x6 |
| 65:44 | MZTK | KAAN EEK · wall_segment Stone Wall x6 |
| 65:46 | MZTK | KAAN EEK · wall_segment Stone Wall x10 |
| 75:07 | LRNI_Cail · wall_segment Stone Wall x6 |
| 76:06 | LRNI_Cail · first_building Barracks |
| 78:44 | MZTK | GaboxNet .i. · wall_segment Stone Wall x2 |
| 78:57 | LRNI_robotech · resign |
[ AI ANALYSIS · 1 CREDIT ]
What really happened in this match?
Wolo.gg analyzes every decision: build order, eco, micro, common mistakes by bracket. Personalized analysis on WhatsApp or Discord in 30 seconds.
Civ guide
Cumans
Perfil
LRNI_robotech